 Dungeon Crawl Stone Soup version 0.19.0 (webtiles) character file.

445 PrincessPwny the Cudgeler (level 6, -3/47 HPs)
             Began as a Mummy Fighter on Nov 8, 2016.
             Slain by a sky beast (6 damage)
             ... on level 4 of the Dungeon.
             The game lasted 00:10:12 (3438 turns).

PrincessPwny the Cudgeler (Mummy Fighter)           Turns: 3438, Time: 00:10:13

Health: -3/47      AC:  8    Str: 21    XL:     6   Next: 72%
Magic:  6/6        EV:  7    Int:  7    God:
Gold:   286        SH: 10    Dex: 12    Spells: 1 memorised, 4 levels left

rFire  x . .     SeeInvis .     a - +1 flail
rCold  + . .     Gourm    .     b - +0 scale mail
rNeg   + + +     Faith    .     c - +1 shield
rPois  ∞         Spirit   .     j - +1 hat
rElec  .         Reflect  .     l - +0 cloak
rCorr  .         Harm     .     (no gloves)
MR     .....                    (no boots)
Stlth  ..........               (no amulet)
                                (no ring)
                                (no ring)

@: no status effects
A: no food or potions, fire vulnerability, cold resistance 1, negative energy
resistance 3, torment resistance, unbreathing
a: no special abilities


You were on level 4 of the Dungeon.
You were not hungry.

You visited 1 branch of the dungeon, and saw 5 of its levels.

You collected 286 gold pieces.

Inventory:

Hand Weapons
 a - a +1 flail (weapon)
Armour
 b - a +0 scale mail (worn)
 c - a +1 shield (worn)
 i - a +0 shield
 j - a +1 hat (worn)
 l - a +0 cloak (worn)
Scrolls
 d - 7 scrolls of identify
 e - 2 scrolls of enchant weapon
 f - a scroll of fog
 g - 4 scrolls of remove curse
 h - 3 scrolls of immolation
 k - a scroll of magic mapping
 m - a scroll of recharging
 o - a scroll of enchant armour
Books
 n - a book of Necromancy

   Spells                             Type                      Level
   a - Pain                           Necromancy                   1
   b - Animate Skeleton               Necromancy                   1
   c - Vampiric Draining              Necromancy                   3
   d - Regeneration                   Charms/Necromancy            3
   e - Animate Dead                   Necromancy                   4
   f - Control Undead                 Necromancy                   4


   Skills:
 - Level 3.0 Fighting
 * Level 5.0 Maces & Flails
 - Level 2.4 Armour
 + Level 4.1 Shields


You had 4 spell levels left.
You knew the following spells:

 Your Spells              Type           Power        Failure   Level  Hunger
a - Pain                  Necr           #...         100%        1    N/A

Dungeon Overview and Level Annotations

Branches:
Dungeon (5/15)
 Temple: D:4-7

Altars:
Cheibriados
Gozag
Makhleb
Zin

Shops:
D:4 [


Innate Abilities, Weirdness & Mutations

You do not eat or drink.
Your flesh is vulnerable to fire.
You are immune to poison.
Your flesh is cold resistant. (rC+)
You are immune to negative energy. (rN+++)
You are immune to unholy pain and torment.
You can survive without breathing.


Message History

Something hits you but does no damage. Something hits you but does no damage.
Something hits you but does no damage.
You miss something. Something hits you but does no damage.
You miss something. You block something's attack.
You miss something.
A sky beast appears from thin air!
Reactivating autopickup.
The sky beast barely misses you.
You hit the sky beast.
The sky beast is heavily wounded.
The sky beast hits you but does no damage.
You closely miss the sky beast.
The sky beast is heavily wounded.
The sky beast flickers out of sight!
Deactivating autopickup; reactivate with Ctrl-A.
Something hits you but does no damage. x2
You closely miss something. Something hits you.
* * * LOW HITPOINT WARNING * * *
Something shocks you.
You die...

#......#.........#
#......#.........#
#......#.........#
#......#.........#
#########...##...##...#
#....####...##...##'###
#<.[........#..........
#.....§.....#..........
#...§{@.....##...##...#
########..§§####...##...##...#
#.....##...§####...##...##...#
#...........§......#.........#
#..................#.........#
#..................#######...#
#.............(....##...###'##
#......)......(....'....##...#
#.....##+#####.....##...#....#


There were no monsters in sight!

Vanquished Creatures
  Sigmund (D:4)
  A bullfrog (D:5)
  A crimson imp (D:5)
  Crazy Yiuf (D:2)
  2 worker ants (D:4)
  4 gnolls (D:2)
  2 adders
  A worm (D:3)
  A dart slug (D:1)
  2 leopard geckos
  7 orcs
  A ball python (D:1)
  9 bats
  3 goblins (D:3)
  3 hobgoblins
  3 jackals (D:1)
  4 kobolds
  3 quokkas
  3 frilled lizards
  5 rats
57 creatures vanquished.

Notes
Turn   | Place    | Note
-------+----------+-------------------------------------------
     0 | D:1      | PrincessPwny the Mummy Fighter began the quest for the Orb.
     0 | D:1      | Reached XP level 1. HP: 18/18 MP: 1/1
   142 | D:1      | You fall through a shaft!
   242 | D:1      | Reached XP level 2. HP: 21/24 MP: 2/2
   296 | D:1      | Reached skill level 2 in Maces & Flails
   790 | D:2      | Reached XP level 3. HP: 28/29 MP: 3/3
   891 | D:2      | Found a snail-covered altar of Cheibriados.
  1033 | D:2      | Found a faded altar of an unknown god.
  1033 | D:2      | Found a faded altar of an unknown god.
  1038 | D:2      | Found a faded altar of an unknown god.
  1040 | D:2      | Found a burning altar of Makhleb.
  1041 | D:2      | Found a faded altar of an unknown god.
  1181 | D:2      | Reached skill level 3 in Maces & Flails
  1184 | D:2      | Reached XP level 4. HP: 6/35 MP: 4/4
  1459 | D:2      | Found a runed door.
  1654 | D:2      | Noticed Crazy Yiuf
  1659 | D:2      | Killed Crazy Yiuf
  2228 | D:3      | Found an opulent altar of Gozag.
  2229 | D:3      | Found a glowing silver altar of Zin.
  2394 | D:3      | Reached XP level 5. HP: 38/41 MP: 5/5
  2487 | D:4      | Noticed Sigmund
  2549 | D:4      | Killed Sigmund
  2549 | D:4      | Reached skill level 4 in Maces & Flails
  2549 | D:4      | Reached XP level 6. HP: 34/47 MP: 6/6
  2648 | D:4      | Found an opulent altar of Gozag.
  2817 | D:4      | Found Odiumum's Armour Boutique.
  3131 | D:4      | Learned a level 1 spell: Pain
  3152 | D:5      | Entered Level 5 of the Dungeon
  3170 | D:5      | Reached skill level 5 in Maces & Flails
  3380 | D:5      | Noticed a sky beast
  3426 | D:4      | HP: 2/47 [something (5)]
  3438 | D:4      | Slain by a sky beast

Skill      XL: |  1  2  3  4  5  6 |
---------------+-------------------+-----
Maces & Flails | 2 3 4 5 |  5.0
Shields        | 3 4 |  4.1
Fighting       | |  3.0
Armour         | |  2.4

Action                   |  1- 3 |  4- 6 || total
-------------------------+-------+-------++-------
Melee: Flail             |    91 |   140 ||   231
  Use: Scroll            |     5 |     7 ||    12
Armor: Scale mail        |    46 |    70 ||   116
Dodge: Dodged            |    37 |    37 ||    74
Block: Shield            |    55 |    59 ||   114
